 Dungeon Crawl Stone Soup version 0.27.1-34-g3ba077fa99 (webtiles) character file.

Game seed: 759555648395428272

4 zeram the Covered (level 1, -1/14 HPs)
             Began as a Gargoyle Fighter on Jan 23, 2022.
             Frozen to death by an endoplasm (2 damage)
             ... on level 1 of the Dungeon.
             The game lasted 00:00:19 (112 turns).

zeram the Covered (Gargoyle Fighter)                 Turns: 112, Time: 00:00:21

Health: -1/14      AC:  9    Str: 19    XL:     1   Next: 60%
Magic:  1/1        EV:  7    Int:  8    God:
Gold:   0          SH:  9    Dex:  9    Spells: 0/0 levels left

rFire    . . .     SeeInvis .   a - +0 flail
rCold    . . .     Faith    .   c - +0 kite shield
rNeg     + . .     Spirit   .   b - +0 scale mail
rPois    ∞         Reflect  .   (no helmet)
rElec    +         Harm     .   (no cloak)
rCorr    .         Rampage  .   (no gloves)
Will     .....                  (no boots)
Stlth    ..........             (no amulet)
HPRegen  0.04/turn              (no ring)
MPRegen  0.07/turn              (no ring)

@: no status effects
A: sickness immunity, AC +2, negative energy resistance 1, electricity
resistance, torment resistance 1, petrification resistance
a: no special abilities


You were on level 1 of the Dungeon.
You visited 1 branch of the dungeon, and saw 1 of its levels.

Inventory:

Hand Weapons
 a - a +0 flail (weapon)
Armour
 b - a +0 scale mail (worn)
 c - a +0 kite shield (worn)
Scrolls
 e - a scroll of immolation {unknown}
Potions
 d - a potion of might


   Skills:
 + Level 3.3 Fighting
 + Level 2.0 Maces & Flails
 + Level 3.4 Armour
 + Level 3.3 Shields


You couldn't memorise any spells.
You didn't know any spells.
Your spell library was empty.

Dungeon Overview and Level Annotations

Branches:
Dungeon (1/15)

Altars:


Innate Abilities, Weirdness & Mutations

You are immune to sickness and miasma.
Your stone body is resilient. (AC +2)
You are immune to poison.
You resist negative energy. (rN+)
You are resistant to electric shocks. (rElec)
You are resistant to unholy torment.
You are immune to petrification.


Message History

The slug dart hits you but does no damage.
You hit the dart slug.
The dart slug is almost dead.
You block the jackal's attack. The dart slug launches a dart at you.
The slug dart hits you. You block the endoplasm's attack.
The endoplasm freezes you.
You are frozen.
The jackal barely misses you. The dart slug launches a dart at you.
The slug dart hits you.
The endoplasm hits you but does no damage.
You hit the dart slug.
You kill the dart slug!
The jackal closely misses you. The endoplasm freezes you.
You are frozen.
The jackal barely misses you.
A jackal comes into view.
Unknown command.
You closely miss the jackal.
The jackal barks!
The jackal closely misses you. You block the endoplasm's attack.
The endoplasm hits you but does no damage.
A jackal comes into view.
The jackal barely misses you. The endoplasm freezes you.
You are frozen.
You block the endoplasm's attack.
The jackal barks!
You hit the jackal.
The jackal is almost dead.
You hear a shout!
The jackal closely misses you. The endoplasm freezes you.
You are frozen.
* * * LOW HITPOINT WARNING * * *
The jackal barely misses you.
The endoplasm hits you but does no damage.
A kobold comes into view. It is wielding a +0 dagger of speed.
The endoplasm freezes you.
You are frozen.
You die...

.......# #..K....###
#...... ..# #...... #.##
#..h..##..# ##..h.!>...#
# #......h#..## ##
#.....Jh##..# ##.
#..?..J@##..##########..
......g####..........#..
###...# #..#######(...
#### ##.#########.. .###
#..##........ ...#
##....#####.. #..#
#####..#### #..
#..####†.....# #..
#.#....####.### ##.


You could see 2 endoplasms, 4 jackals, a hobgoblin and a kobold.

Vanquished Creatures
  A dart slug (D:1)
  A quokka (D:1)
2 creatures vanquished.

Notes
Turn   | Place    | Note
-------+----------+-------------------------------------------
     0 | D:1      | zeram the Gargoyle Fighter began the quest for the Orb.
     0 | D:1      | Reached XP level 1. HP: 14/14 MP: 1/1
   112 | D:1      | Frozen to death by an endoplasm

Illustrated notes

Levels and vault maps discovered:
D:1:      dpeg_arrival_tiny_b, layout_rooms

Action                   || total
-------------------------++-------
Melee: Flail             ||     9
Armor: Scale mail        ||     7
Dodge: Dodged            ||     8
Block: Kite shield       ||     5
